 Dungeon Crawl Stone Soup version 0.31-a0-986-g5e6e4ef867 (webtiles) character file.

Game seed: 10333264511796731784

1932 wildpjah the Grappler (level 8, -3/74 HPs)
             Began as a Troll Shapeshifter on Nov 21, 2023.
             Was a Follower of Okawaru.
             Killed by divine providence
             ... invoked by an orc priest
              (10 damage)
             ... on level 7 of the Dungeon.
             The game lasted 00:06:23 (3042 turns).

wildpjah the Grappler (Troll Shapeshifter)          Turns: 3042, Time: 00:06:23

Health: -3/74      AC:  4    Str: 23    XL:     8   Next: 97%
Magic:  5/7        EV: 19    Int:  1    God:    Okawaru [*.....]
Gold:   251        SH:  0    Dex: 14    Spells: 7/7 levels left

rFire   . .          .
                       - Unarmed
rCold   . . .        (no shield)
rNeg    . . .        q - +0 robe of Hadjma {Int-5 Dex+3 Archmagi}
rPois   .            (helmet currently unavailable)
rElec   .            (cloak currently unavailable)
rCorr   .            (gloves unavailable)
SInv    .            (boots unavailable)
Will    .....        (no amulet)
Stlth   +++          g - +5 ring of evasion
HPRegen 1.12/turn    (no ring)
MPRegen 0.10/turn

%: archmagi
@: beast-form, heroic
A: beast (slay +2), large, unfitting armour, claws 3, regeneration 1, shaggy fur
1, tough skin 1
a: Begin Untransformation, Renounce Religion, Heroism


You were on level 7 of the Dungeon.
You worshipped Okawaru.
Okawaru was aware of your devotion.
You were a hulking beast.
You visited 2 branches of the dungeon, and saw 7 of its levels.

You collected 251 gold pieces.

Inventory:

Armour
 a - a +0 animal skin
 q - the +0 robe of Hadjma (worn) {Int-5 Dex+3 Archmagi}
   (You found it on level 6 of the Dungeon)

   Int-5:     It affects your intelligence (-5).
   Dex+3:     It affects your dexterity (+3).
   Archmagi:  It increases the power of your magical spells.
 r - a +0 troll leather armour
Jewellery
 g - a +5 ring of evasion (left claw)
Talismans
 c - a beast talisman
 d - a flux talisman
Wands
 o - a wand of flame (16)
Scrolls
 h - a scroll of blinking {unknown}
 i - 3 scrolls of identify {unknown}
 j - 2 scrolls of teleportation {unknown}
 k - 2 scrolls of enchant weapon {unknown}
 m - a scroll of revelation {unknown}
 p - a scroll of immolation {unknown}
Potions
 b - 2 potions of lignification
 e - a potion of brilliance {unknown}
 f - a potion of invisibility {unknown}
 l - a potion of curing {unknown}
 n - a potion of berserk rage {unknown}


   Skills:
 + Level 2.4(7.4) Fighting
 * Level 4.5(9.5) Dodging
 + Level 1.0(6.0) Stealth
 + Level 9.2(14.2) Unarmed Combat
 * Level 5.1 Shapeshifting


You had 7 spell levels left.
You didn't know any spells.
Your spell library contained the following spells:

 Spells                   Type           Power      Damage    Failure   Level
 Kiss of Death            Conj/Necr      0%         2d5       56%         1
 Magic Dart               Conj           0%         1d3       56%         1
 Sting                    Tmut/Pois      0%         1d3       56%         1
 Blink                    Tloc           0%         N/A       71%         2
 Lesser Beckoning         Tloc           0%         N/A       71%         2
 Momentum Strike          Conj/Tloc      0%         3d8       71%         2
 Poisonous Vapours        Pois/Air       0%         N/A       71%         2
 Confusing Touch          Hex            0%         N/A       91%         3
 Mephitic Cloud           Conj/Pois/Air  0%         N/A       91%         3
 Dispel Undead            Necr           0%         3d6       100%        4
 Olgreb's Toxic Radiance  Pois           0%         N/A       100%        4
 Conjure Ball Lightning   Conj/Air       0%         3x3d6     100%        6
 Discord                  Hex            0%         N/A       100%        8
 Disjunction              Tloc           0%         N/A       100%        8
 Call Imp                 Summ           Unusable   N/A       N/A         2

Dungeon Overview and Level Annotations

Branches:
Dungeon (7/15)             Temple (1/1) D:5

Altars:
Ashenzari
Cheibriados
Dithmenos
Elyvilon
Fedhas
Gozag
Hepliaklqana
Kikubaaqudgha
Makhleb
Nemelex Xobeh
Okawaru
Qazlal
Ru
Sif Muna
Uskayaw
Vehumet
Wu Jian
Xom
Zin
The Shining One


Innate Abilities, Weirdness & Mutations

You are a hulking beast.
Your limbs bulge with bestial killing power. (Slay +2)
You are too large for most types of armour.
You have claws for hands.
Your natural rate of healing is unusually fast.
You are covered in fur. (AC +1)
You have tough skin. (AC +1)


Message History

The centaur shoots an arrow.
The arrow barely misses you.
An orc priest comes into view.
It is wielding a +0 dagger and wearing a +1 ring mail of cold resistance.
The centaur shoots an arrow.
The arrow closely misses you.
The centaur shoots an arrow.
The arrow hits you.
An orc comes into view. It is wielding a +0 whip.
Activating: Heroism (10% risk of failure)
Press: ? - help, Q - select action, (/) - cycle Dir - look around, f - activate You gain the combat prowess of a mighty hero.
An orc wizard comes into view. It is wielding a +0 dagger.
The centaur shoots an arrow.
The arrow closely misses you.
The centaur unwields a +0 shortbow.
The centaur completely misses you. The centaur barely misses you.
The orc wizard casts a spell.
The orc wizard flickers and vanishes!
Deactivating autopickup; reactivate with Ctrl-A.
The orc priest mumbles some strange prayers to Beogh against you.
Beogh smites you!
You scratch the centaur but do no damage.
The centaur hits you. The centaur misses you.
The orc wizard hits you with a +0 dagger of speed.
You scratch the centaur.
The centaur is lightly wounded.
The centaur completely misses you. x2
The orc wizard hits you with a +0 dagger of speed.
You mangle the centaur!!
You kill the centaur!
Okawaru accepts your kill.
The orc wizard points at you and mumbles some strange words.
The puff of flame hits you!
* * * LOW HITPOINT WARNING * * *
An orc priest and an orc come into view.
The orc priest shouts!
The orc shouts!
The orc priest mumbles some strange prayers to Beogh against you.
Beogh smites you!
* * * LOW HITPOINT WARNING * * *
The orc hits you with a +0 whip.
* * * LOW HITPOINT WARNING * * *
The orc priest mumbles some strange prayers to Beogh against you.
Beogh smites you!
You die...

#.#......<..#
#.#..†.)....#
#....(...####
##...........
#..#.:.[##...
#..#.#.#......
#.$#.#.#.#. ..
#..#.#.#.# . .
#ho#.#....
#..ooo......
#...#....##..
............#
..#.. #...#...
. ##.
......#.. #
#o#o.##..
#.#.##


You could see 3 orc priests, an orc wizard and 2 orcs.

Vanquished Creatures
  A troll (D:7)
  A water moccasin (D:6)
  An ice beast (D:5)
  2 black bears
  2 ogres
  2 centaurs
  A phantom (D:6)
  A bullfrog (D:6)
  6 scorpions
  2 howler monkeys
  A hound (D:5)
  4 jellies
  3 iguanas
  A sleepcap (D:6)
  An orc wizard (D:5)
  A scorpion zombie (D:3)
  2 hound zombies (D:3)
  A hound skeleton (D:3)
  2 adders
  A shadow imp (D:6)
  A white imp (D:6)
  2 ufetubi (D:6)
  2 dart slugs
  11 orcs (D:5)
  2 ball pythons (D:1)
  3 endoplasms (D:2)
  2 giant cockroaches (D:1)
  5 goblins
  4 hobgoblins
  2 quokkas
  A ball python zombie (D:3)
  3 bats (D:2)
  3 frilled lizards
  A jackal skeleton (D:3)
  5 kobolds
  A quokka skeleton (D:3)
  2 rats
86 creatures vanquished.

Notes
Turn   | Place    | Note
-------+----------+-------------------------------------------
     0 | D:1      | wildpjah the Troll Shapeshifter began the quest for the
                  | Orb.
     0 | D:1      | Reached XP level 1. HP: 18/18 MP: 0/0
   244 | D:1      | Reached XP level 2. HP: 26/26 MP: 1/1
  1041 | D:2      | Reached XP level 3. HP: 32/32 MP: 2/2
  1411 | D:3      | Reached skill level 1 in Fighting
  1413 | D:3      | Reached skill level 4 in Unarmed Combat
  1413 | D:3      | Reached XP level 4. HP: 41/41 MP: 3/3
  1492 | D:3      | You fall into a shaft and drop 3 floors!
  1496 | D:6      | Noticed a yak
  1497 | D:6      | Noticed a kobold brigand
  1534 | D:6      | Noticed a phantom
  1544 | D:6      | Killed a phantom
  1545 | D:6      | Reached skill level 5 in Unarmed Combat
  1545 | D:6      | Reached XP level 5. HP: 47/48 MP: 4/4
  1547 | D:6      | Noticed a black bear
  1551 | D:5      | Entered Level 5 of the Dungeon
  1573 | D:5      | Noticed a black bear
  1583 | D:5      | Killed a black bear
  1584 | D:5      | Reached XP level 6. HP: 36/55 MP: 5/5
  1689 | D:5      | Found a shadowy altar of Dithmenos.
  1702 | D:5      | Found a burning altar of Makhleb.
  1855 | D:5      | Reached skill level 6 in Unarmed Combat
  1910 | D:5      | Reached XP level 7. HP: 53/62 MP: 6/6
  2054 | D:5      | Reached skill level 7 in Unarmed Combat
  2093 | D:5      | Found a staircase to the Ecumenical Temple.
  2199 | Temple   | Entered the Ecumenical Temple
  2218 | Temple   | Became a worshipper of Warmaster Okawaru
  2535 | D:5      | Reached XP level 8. HP: 70/70 MP: 7/7
  2626 | D:6      | Reached skill level 8 in Unarmed Combat
  2676 | D:6      | Identified the +0 robe of Hadjma {Int-5 Dex+3 Archmagi}
  2696 | D:6      | Found a radiant altar of Vehumet.
  2708 | D:6      | Reached * piety under Okawaru
  2790 | D:6      | Found an opulent altar of Gozag.
  2799 | D:6      | Found a sacrificial altar of Ru.
  3006 | D:7      | Noticed a troll
  3007 | D:7      | Reached skill level 1 in Stealth
  3013 | D:7      | Killed a troll
  3014 | D:7      | Reached skill level 9 in Unarmed Combat
  3014 | D:7      | Reached skill level 5 in Shapeshifting
  3042 | D:7      | Killed from afar by an orc priest

Illustrated notes

Levels and vault maps discovered:
D:1:      psy_arrival_conway, layout_loops_ring, kennysheep_boxes
D:2:      layout_loops_cross, kennysheep_nondescript
D:3:      layout_rooms, nicolae_yredelemnul_corpse_copse, serial_undead,
          serial_undead_f, serial_undead_c, serial_undead_f, serial_undead_c,
          serial_undead_a, serial_undead_e, uniq_natasha
D:5:      minmay_diamond_boxcup, layout_loops_ring, minitemple,
          minmay_temple_entry_enclosed_plants, serial_bayou,
          serial_bayou_pond_a, serial_bayou_lake_a, serial_bayou_crossing,
          serial_bayou_pond_d, serial_bayou_pond_d
D:6:      layout_cave_pools, vehumet_altar_wand_db, grunt_temple_overflow_open,
          lightli_corner_chamber
D:7:      layout_loops_ring
Temple:   nicolae_temple_superstar

Skill      XL: |  1  2  3  4  5  6  7  8 |
---------------+-------------------------+-----
Fighting       | 1 2 |  2.4
Dodging        | 2 3 4 |  4.5
Unarmed Combat | 4 5 6 7 9 |  9.2
Shapeshifting  | 4 5 |  5.1
Stealth        | 1 |  1.0

Action                     |  1- 3 |  4- 6 |  7- 9 || total
---------------------------+-------+-------+-------++-------
  Melee: Unarmed           |    61 |    85 |    89 ||   235
         Punch             |       |       |     2 ||     2
 Invoke: Heroism           |       |       |     1 ||     1
   Stab: Sleeping          |     1 |     1 |       ||     2
 Armour: Animal skin       |    40 |    65 |    51 ||   156
         Robe              |       |       |    13 ||    13
  Dodge: Dodged            |    30 |    37 |    43 ||   110

Table legend: (Time is in decaauts)
 A = Elapsed time spent in this place.
 B = Non-inter-level travel time spent in this place.
 C = Inter-level travel time spent in this place.
 D = Time resting spent in this place.
 E = Time spent auto-exploring this place.
 F = Levels seen in this place.
 G = Mean time per level.
                   A        B        C        D        E       F      G
               +--------+--------+--------+--------+--------+-----+--------+
         Total |   3015 |   2843 |    172 |      0 |   2294 |   7 |  430.7 |
       Dungeon |   2977 |   2841 |    136 |      0 |   2294 |   6 |  496.2 |
        Temple |     38 |      2 |     36 |      0 |      0 |   1 |   38.0 |
               +--------+--------+--------+--------+--------+-----+--------+

Top non-repeatable levels by time:
     D:5: 974 daAuts
     D:1: 764 daAuts
     D:2: 636 daAuts
     D:6: 478 daAuts
     D:3: 84 daAuts
  Temple: 38 daAuts
     D:7: 37 daAuts
